 Dungeon Crawl Stone Soup version 0.26-a0-540-g8a0c9464d7 (webtiles) character file.

Game seed: 17952739811108108396

23 Gorglomux the Skirmisher (level 2, 0/25 HPs)
             Began as a Palentonga Delver on Aug 21, 2020.
             Slain by a white imp (2 damage)
             ... on level 6 of the Dungeon.
             The game lasted 00:00:31 (86 turns).

Gorglomux the Skirmisher (Palentonga Delver)          Turns: 86, Time: 00:00:32

Health: 0/25       AC:  4    Str: 15    XL:     2   Next: 75%
Magic:  2/2        EV:  9    Int: 10    God:
Gold:   28         SH:  0    Dex: 11    Spells: 1/1 levels left

rFire    . . .     SeeInvis +   a - +0 short sword
rCold    . . .     Faith    .   (no shield)
rNeg     . . .     Spirit   .   b - +0 leather armour
rPois    .         Reflect  .   (no helmet)
rElec    .         Harm     .   (no cloak)
rCorr    .                      (no gloves)
MR       .....                  (boots restricted)
Stlth    ++........             (no amulet)
HPRegen  0.08/turn              (no ring)
MPRegen  0.08/turn              (no ring)

@: no status effects
A: large, rugged brown scales 3, see invisible, deformed body, roll, armoured
tail
a: Rolling Charge


You were on level 6 of the Dungeon.
You visited 1 branch of the dungeon, and saw 2 of its levels.

You collected 28 gold pieces.

Inventory:

Hand Weapons
 a - a +0 short sword (weapon)
Armour
 b - a +0 leather armour (worn)
Wands
 D - a wand of digging (3)
Scrolls
 c - a scroll of fog
 M - a scroll of magic mapping
Potions
 H - a potion of haste


   Skills:
 + Level 3.5 Fighting
 + Level 2.7 Short Blades
 - Level 1.5 Dodging
 - Level 3.3 Stealth


You had one spell level left.
You didn't know any spells.
Your spell library was empty.

Dungeon Overview and Level Annotations

Branches:
Dungeon (6/15)
 Temple: D:4-7

Altars:


Innate Abilities, Weirdness & Mutations

You are completely covered in rugged brown scales. (AC +3, +7% HP)
You have supernaturally acute eyesight. (SInv)
Armour fits poorly on your strangely shaped body.
You can roll at foes to attack.
You have a long armoured tail.


Message History

The hound zombie bites you but does no damage.
You hit the hound zombie.
Your tail-slap misses the hound zombie.
The hound zombie is severely damaged.
The hound zombie bites you but does no damage.
You hit the hound zombie.
Your tail-slap misses the hound zombie.
The hound zombie is almost destroyed.
The hound zombie closely misses you. The hound zombie bites you.
You closely miss the hound zombie.
The hound zombie is almost destroyed.
The hound zombie barely misses you.
You closely miss the hound zombie.
The hound zombie is almost destroyed.
The hound zombie bites you.
Unknown command.
You closely miss the hound zombie.
Your tail-slap misses the hound zombie.
The hound zombie is almost destroyed.
The hound zombie bites you but does no damage.
The hound zombie closely misses you.
You hit the hound zombie but do no damage.
The hound zombie is almost destroyed.
The hound zombie barely misses you.
You hit the hound zombie.
You destroy the hound zombie!
You hit the hound zombie.
The hound zombie is lightly damaged.
The hound zombie bites you but does no damage.
The hound zombie barely misses you. The hound zombie barely misses you.
The hound zombie bites you. The hound zombie bites you.
* * * LOW HITPOINT WARNING * * *
Evoke which item? (* to show all) (? for menu, Esc to quit)
Okay, then.
As you read the scroll of fear, it crumbles to dust.
You assume a fearsome visage.
The hound zombie is unaffected.
The hound zombie bites you.
* * * LOW HITPOINT WARNING * * *
The hound zombie barely misses you.
There is a stone staircase leading down here.
The hound zombie bites you.
* * * LOW HITPOINT WARNING * * *
You climb downwards.
An orc, an orc priest and a white imp come into view.
Found an escape hatch in the ceiling and an escape hatch in the floor.
There is a stone staircase leading up here.
Unknown command.
Found a stone staircase leading down.
The white imp shouts!
You hear a shout!
The white imp hits you.
You die...

#....# ###### #....#
## ...... #....#..
......# #....#.#
.......##....#.# #
.......#.......#.##.
.............>......
#.@5...<.......
#....#......#..o..
###...............
#................
................#o.
#.##.......##.#.# #
............. .#...
$..##.##....>... .#
.. ....##....


You could see a white imp.

Vanquished Creatures
  A hound zombie (D:5)
  An adder (D:5)
2 creatures vanquished.

Notes
Turn   | Place    | Note
-------+----------+-------------------------------------------
     0 | D:5      | Gorglomux the Palentonga Delver began the quest for the
                  | Orb.
     0 | D:5      | Reached XP level 1. HP: 19/19 MP: 1/1
    48 | D:5      | Reached XP level 2. HP: 25/25 MP: 2/2
    80 | D:5      | HP: 1/25 [hound zombie (2)]
    86 | D:6      | Slain by a white imp

Illustrated notes

Levels and vault maps discovered:
D:5:      layout_basic, minmay_temple_entry_mist
D:6:      layout_rooms, nicolae_dithmenos_through_a_glass_darkly,
          minmay_misc_feat_diagonals

Action                   || total
-------------------------++-------
Melee: Short sword       ||    19
 Abil: Rolling Charge    ||     1
  Use: Scroll            ||     1
Armor: Leather armour    ||     9
Dodge: Dodged            ||     9

Table legend: (Time is in decaauts)
 A = Elapsed time spent in this place.
 B = Non-inter-level travel time spent in this place.
 C = Inter-level travel time spent in this place.
 D = Time resting spent in this place.
 E = Time spent auto-exploring this place.
 F = Levels seen in this place.
 G = Mean time per level.
                   A        B        C        D        E       F      G
               +--------+--------+--------+--------+--------+-----+--------+
         Total |     85 |     70 |     15 |      0 |     18 |   2 |   42.5 |
       Dungeon |     85 |     70 |     15 |      0 |     18 |   2 |   42.5 |
               +--------+--------+--------+--------+--------+-----+--------+

Top non-repeatable levels by time:
     D:5: 80 daAuts
     D:6: 4 daAuts
